 Dungeon Crawl Stone Soup version 0.28.0-47-ge53b351184 (webtiles) character file.

Game seed: 4539201826265433367

181 bobregger the Cudgeller (level 5, -9/54 HPs)
             Began as an Ogre Berserker on Apr 26, 2022.
             Was a Believer of Trog.
             Killed by divine providence
             ... invoked by an orc priest
              (11 damage)
             ... on level 3 of the Dungeon.
             The game lasted 00:04:17 (3020 turns).

bobregger the Cudgeller (Ogre Berserker)            Turns: 3020, Time: 00:04:18

Health: -9/54      AC:  3    Str: 20 (21) XL:     5   Next: 61%
Magic:  5/5        EV: 10    Int:  8      God:    Trog [**....]
Gold:   57         SH:  0    Dex:  9 (10) Spells: 4/4 levels left

rFire   . . .      SeeInvis .   a - +0 mace
rCold   . . .      Faith    .   (no shield)
rNeg    . . .      Spirit   .   b - +0 animal skin
rPois   .          Reflect  .   (helmet restricted)
rElec   .          Harm     .   (no cloak)
rCorr   .          Rampage  .   (gloves unavailable)
Will    +....                   (boots unavailable)
Stlth   +.........              (no amulet)
HPRegen 0.18/turn               c - ring of willpower
MPRegen 0.09/turn               (no ring)

@: on berserk cooldown, slowed, very slow
A: large, unfitting armour, tough skin 1
a: Renounce Religion, Berserk, Trog's Hand


You were on level 3 of the Dungeon.
You worshipped Trog.
Trog was pleased with you.
You visited 1 branch of the dungeon, and saw 3 of its levels.

You collected 57 gold pieces.

Inventory:

Hand Weapons
 a - a +0 mace (weapon)
Armour
 b - a +0 animal skin (worn)
Jewellery
 c - a ring of willpower (left hand)
Scrolls
 e - 2 scrolls of magic mapping {unknown}
 f - a scroll of teleportation {unknown}
 k - 2 scrolls of immolation {unknown}
Potions
 h - a potion of cancellation {unknown}
 i - a potion of mutation {unknown}
 j - a potion of berserk rage {unknown}
 l - a potion of lignification {unknown}


   Skills:
 - Level 4.0 Fighting
 + Level 5.5 Maces & Flails
 - Level 2.6 Dodging


You had 4 spell levels left.
You didn't know any spells.
Your spell library was empty.

Dungeon Overview and Level Annotations

Branches:
Dungeon (3/15)

Altars:
Dithmenos

Shops:
D:1 [


Innate Abilities, Weirdness & Mutations

You are too large for most types of armour.
You have tough skin. (AC +1)


Message History

Beogh smites you! Something completely misses you.
You sock something!
You feel the power of Trog in you as your rage grows.
Trog accepts your kill.
Trog appreciates your killing of a magic user.
Reactivating autopickup.
You feel a bit more experienced.
The orc priest hits you but does no damage.
You feel your dexterity returning.
You thump the orc priest!
The orc priest is severely wounded.
The orc priest closely misses you. The orc priest hits you with a +0 whip.
You hit the orc priest.
The orc priest is almost dead.
You hit the orc priest.
You kill the orc priest!
Trog accepts your kill. The orc priest hits you with a +0 whip.
* * * LOW HITPOINT WARNING * * *
You feel your dexterity returning.
You closely miss the orc. The orc priest hits you with a +0 whip.
* * * LOW HITPOINT WARNING * * *
The orc hits you with a +0 club.
* * * LOW HITPOINT WARNING * * *
You are no longer berserk.
You are exhausted.
You feel yourself slow down. The orc priest closely misses you.
You barely miss the orc priest.
The orc priest looks braver for a moment.
The orc hits you with a +0 club.
* * * LOW HITPOINT WARNING * * *
You hit the orc priest.
The orc priest is moderately wounded.
The orc priest hits you with a +0 whip.
* * * LOW HITPOINT WARNING * * *
The orc hits you with a +0 club.
* * * LOW HITPOINT WARNING * * *
The orc priest mumbles some strange prayers to Beogh against you.
Beogh smites you!
You die...

#.........#
+.........+
......... .......
..... ... #)#
#o#######
#@o.....#
#####.#####.#
#........#
#)#......#
#)##...#.##.#
######.###........
#.<....# #.#######
######## #.# #.#


You could see an orc priest and an orc.

Vanquished Creatures
  An orc priest (D:3)
  2 orc wizards (D:3)
  Terence (D:2)
  2 adders (D:2)
  A worm (D:2)
  A dart slug (D:2)
  5 orcs (D:3)
  6 endoplasms
  3 giant cockroaches
  4 goblins
  7 hobgoblins
  3 jackals (D:2)
  3 kobolds
  A ball python (D:1)
  5 bats
  A frilled lizard (D:1)
  6 rats
52 creatures vanquished.

Notes
Turn   | Place    | Note
-------+----------+-------------------------------------------
     0 | D:1      | bobregger the Ogre Berserker began the quest for the Orb.
     0 | D:1      | Reached XP level 1. HP: 24/24 MP: 1/1
   240 | D:1      | Found Soyl Kith's Armour Shop.
   333 | D:1      | Reached skill level 3 in Maces & Flails
   396 | D:1      | Reached XP level 2. HP: 27/32 MP: 2/2
  1018 | D:1      | Reached XP level 3. HP: 34/39 MP: 3/3
  1570 | D:2      | Found a shadowy altar of Dithmenos.
  1577 | D:2      | Reached skill level 4 in Maces & Flails
  2071 | D:2      | Reached XP level 4. HP: 48/48 MP: 4/4
  2080 | D:2      | Noticed Terence
  2101 | D:2      | Killed Terence
  2347 | D:2      | Reached ** piety under Trog
  2607 | D:3      | Reached skill level 5 in Maces & Flails
  2607 | D:3      | Reached XP level 5. HP: 27/54 MP: 5/5
  3020 | D:3      | HP: 2/54 [orc/+0 club (4)]
  3020 | D:3      | Killed from afar by an orc priest

Illustrated notes

Levels and vault maps discovered:
D:1:      dpeg_arrival_circle_labyrinth_c, layout_basic, serial_shops,
          nicolae_shop_temple_entry_statues_fountains, hex_intersection
D:2:      layout_rooms, basic_altar, uniq_terence
D:3:      layout_loops_corners, kennysheep_generic_room_12

Skill      XL: |  1  2  3  4 |
---------------+-------------+-----
Maces & Flails | 3 4 5 |  5.5
Fighting       | |  4.0
Dodging        | |  2.6

Action                   |  1- 3 |  4- 6 || total
-------------------------+-------+-------++-------
Melee: Mace              |    99 |    75 ||   174
       Punch             |     1 |     1 ||     2
Invok: Berserk           |     3 |     3 ||     6
       Trog's Hand       |       |     1 ||     1
  Use: Potion            |       |     2 ||     2
Armor: Animal skin       |    36 |    17 ||    53
Dodge: Dodged            |    93 |    17 ||   110
